AoeStats
← bill.bolding23

Migration

509804460Analyzed
1v1 RM · 3d ago on Sep 28, 2026· 53m 2s· 2 players
Game mode
Random Map
Map size
132×132
Population
200
Speed
Normal
Resources
Standard
Victory
Conquest
Starting age
Dark Age
Ending age
Imperial Age
RankedLock teamsTeams togetherTeam positionsShared explorationLock speedFull tech treeHidden civsTurbo modeCheats
Victory
Defeat
🇺🇸 Vikings · United States
610
+19
🇨🇴 Vikings · Colombia
668
-43
bill.bolding23
4:04 Loom
10:56 Feudal Age
11:38 Double-Bit Axe
14:54 Fishing Lines
19:55 Castle Age
18:35 Horse Collar
20:47 Squires
20:45 Town Watch
21:14 Gold Mining
21:14 Stone Mining
21:44 Bow Saw
22:43 Arson
23:03 Scale Mail Armor
23:14 Forging
24:47 Heavy Plow
25:29 Town Patrol
28:50 Chieftains
30:43 Gold Shaft Mining
32:15 Chain Mail Armor
32:35 Iron Casting
36:25 Imperial Age
38:52 Elite Varangian Guard
40:09 Plate Mail Armor
40:39 Blast Furnace
40:08 Conscription
39:12 Elite Berserk
42:00 Medium Warships
43:21 Heavy Warships
46:36 Fletching
46:46 Padded Archer Armor
47:49 Chemistry
47:10 Ballistics
46:32 Treadmill Crane
46:39 Arrowslits
47:05 Careening
47:06 Clinker Construction
47:05 Siphons
46:55 Heated Shot
52:38 Spies/Treason
Player035929920
27:16 Feudal Age
28:40 Fishing Lines
34:05 Double-Bit Axe
37:30 Gold Mining
37:30 Stone Mining
45:43 Castle Age
46:58 Gillnets
47:23 Medium Warships
Connection lost

Rejoining the realm…

Still unreachable

The connection could not be restored.

Session expired

The server has moved on; the page needs a fresh start.